MWL (24 & UNDER)
MANHATTEN MEATHEADS @ WISCONSIN RAPIDS RANGERS
06/09/2025
 
TOP OF THE 1ST
Manhatten Meatheads batting - Pitching for Wisconsin Rapids Rangers : RHP Carl Willis
Pitching: RHP Carl Willis
Batting: SHB Will Evans 0-0: Ground out 4-3 (Groundball, 13)
Batting: RHB Alfredo Díaz 0-0: Ball
1-0: Called Strike
1-1: Swinging Strike
1-2: Foul Ball, location: 2F
1-2: Ball
2-2: Strikes out swinging
Batting: RHB Claudio Gonzáles 0-0: Called Strike
0-1: Foul Ball, location: 2F
0-2: Ball
1-2: Strikes out swinging
Top of the 1st over - 0 run(s), 0 hit(s), 0 error(s), 0 left on base; Manhatten 0 - Wisconsin Rapids 0
BOTTOM OF THE 1ST
Wisconsin Rapids Rangers batting - Pitching for Manhatten Meatheads : RHP Matt Johnston
Pitching: RHP Matt Johnston
Batting: RHB Troy Reed 0-0: Called Strike
0-1: Called Strike
0-2: Foul Ball, location: 2F
0-2: Ball
1-2: Ball
2-2: Foul Ball, location: 2F
2-2: Ball
3-2: Base on Balls
Batting: SHB Ricardo Arévalo 0-0: Ball
1-0: Called Strike
1-1: Ball
Troy Reed steals 2nd base
2-1: Ground out 4-3 (Groundball, 4)
Troy Reed to third
Batting: RHB Paul Richard 0-0: Swinging Strike
0-1: Swinging Strike
0-2: Ball
1-2: Strikes out swinging
Batting: LHB Ramón Córdova 0-0: Called Strike
0-1: Ball
1-1: Ball
2-1: Called Strike
2-2: Strikes out swinging
Bottom of the 1st over - 0 run(s), 0 hit(s), 0 error(s), 1 left on base; Manhatten 0 - Wisconsin Rapids 0
TOP OF THE 2ND
Manhatten Meatheads batting - Pitching for Wisconsin Rapids Rangers : RHP Carl Willis
Batting: LHB Juan Hernández 0-0: SINGLE (Groundball, 34D)
Batting: LHB Scott Young 0-0: Called Strike
0-1: Ball
1-1: Ball
2-1: Foul Ball, location: 2F
2-2: SINGLE (Groundball, 34)
Juan Hernández to second
Runner from 2nd tries for 3rd, SAFE, no throw or cutoff
Batting: RHB Júlio Galló 0-0: Ball
1-0: Ball
2-0: Fly out, F7 (Flyball, 78M)
Runner from 3rd tags up, SCORES, no throw
Batting: RHB Augusto Baca 0-0: Ball
1-0: Called Strike
1-1: Reached on error, E5 (Groundball, 5)
Scott Young to second
Batting: RHB Ramón Ybarra 0-0: Ball
1-0: Grounds into double play, 6-4-3 (Groundball, 6M)
Top of the 2nd over - 1 run(s), 2 hit(s), 1 error(s), 1 left on base; Manhatten 1 - Wisconsin Rapids 0
BOTTOM OF THE 2ND
Wisconsin Rapids Rangers batting - Pitching for Manhatten Meatheads : RHP Matt Johnston
Batting: RHB Salvador Vázquez 0-0: Ball
1-0: Ball
2-0: Ball
3-0: Called Strike
3-1: Foul Ball, location: 2F
3-2: Ground out 6-3 (Groundball, 6)
Batting: RHB Dick Slagboom 0-0: Ball
1-0: DOUBLE (Flyball, 89XD)
Batting: RHB Pedro Ramírez 0-0: Called Strike
0-1: Called Strike
0-2: Strikes out swinging
Batting: RHB Cherles Vilo 0-0: Ball
1-0: Ball
2-0: Foul Ball, location: 2F
2-1: SINGLE (Flyball, 78S)
Dick Slagboom to third
Runner from 3rd tries for Home, SAFE, no throw or cutoff
Batting: RHB Robert Acosta 0-0: Fielders Choice at 2nd, 5-4 (Groundball, 5)
Bottom of the 2nd over - 1 run(s), 2 hit(s), 0 error(s), 0 left on base; Manhatten 1 - Wisconsin Rapids 1
TOP OF THE 3RD
Manhatten Meatheads batting - Pitching for Wisconsin Rapids Rangers : RHP Carl Willis
Batting: RHB Denver Baker 0-0: Ball
1-0: Ball
2-0: Called Strike
2-1: Ball
3-1: Base on Balls
Batting: SHB Will Evans 0-0: Ball
1-0: Called Strike
1-1: Ball
2-1: Foul Ball, location: 2F
2-2: Strikes out swinging
Batting: RHB Alfredo Díaz 0-0: Ball
1-0: Called Strike
1-1: Ball
2-1: Foul Ball, location: 2F
2-2: DOUBLE (Line Drive, 7LS)
Denver Baker to third
Runner from 3rd tries for Home, SAFE, throw made home
Batting: RHB Claudio Gonzáles 0-0: Called Strike
0-1: Fly out, F3 (Popup, 3SF)
Batting: LHB Juan Hernández 0-0: Called Strike
0-1: Ball
1-1: Fly out, F6 (Line Drive, 6M)
Top of the 3rd over - 1 run(s), 1 hit(s), 0 error(s), 1 left on base; Manhatten 2 - Wisconsin Rapids 1
BOTTOM OF THE 3RD
Wisconsin Rapids Rangers batting - Pitching for Manhatten Meatheads : RHP Matt Johnston
Batting: RHB Troy Reed 0-0: Called Strike
0-1: Ball
1-1: Ground out 6-3 (Groundball, 6)
Batting: SHB Ricardo Arévalo 0-0: Swinging Strike
0-1: DOUBLE (Flyball, 7LM)
Batting: RHB Paul Richard 0-0: Called Strike
0-1: Ball
1-1: Ball
2-1: Fly out, F7 (Flyball, 7M)
Batting: LHB Ramón Córdova 0-0: Ball
1-0: Swinging Strike
1-1: Ground out 1-3 (Groundball, 23)
Bottom of the 3rd over - 0 run(s), 1 hit(s), 0 error(s), 1 left on base; Manhatten 2 - Wisconsin Rapids 1
TOP OF THE 4TH
Manhatten Meatheads batting - Pitching for Wisconsin Rapids Rangers : RHP Carl Willis
Batting: LHB Scott Young 0-0: Ground out 4-3 (Groundball, 4M)
Batting: RHB Júlio Galló 0-0: Called Strike
0-1: Ball
1-1: Fly out, F9 (Flyball, 9M)
Batting: RHB Augusto Baca 0-0: Fly out, F7 (Flyball, 7LM)
Top of the 4th over - 0 run(s), 0 hit(s), 0 error(s), 0 left on base; Manhatten 2 - Wisconsin Rapids 1
BOTTOM OF THE 4TH
Wisconsin Rapids Rangers batting - Pitching for Manhatten Meatheads : RHP Matt Johnston
Batting: RHB Salvador Vázquez 0-0: Ground out 5-3 (Groundball, 5S)
Batting: RHB Dick Slagboom 0-0: Called Strike
0-1: Ball
1-1: Fly out, F8 (Flyball, 78M)
Batting: RHB Pedro Ramírez 0-0: Called Strike
0-1: Swinging Strike
0-2: Ball
1-2: Ball
2-2: Ball
3-2: Strikes out looking
Bottom of the 4th over - 0 run(s), 0 hit(s), 0 error(s), 0 left on base; Manhatten 2 - Wisconsin Rapids 1
TOP OF THE 5TH
Manhatten Meatheads batting - Pitching for Wisconsin Rapids Rangers : RHP Carl Willis
Batting: RHB Ramón Ybarra 0-0: Ball
1-0: Foul Ball, location: 2F
1-1: Ball
2-1: Ball
3-1: Ground out 6-3 (Groundball, 6)
Batting: RHB Denver Baker 0-0: Ball
1-0: Called Strike
1-1: Ball
2-1: Ball
3-1: Foul Ball, location: 2F
3-2: Base on Balls
Batting: SHB Will Evans 0-0: Ball
1-0: SINGLE (Groundball, 4MD)
Denver Baker to second
Batting: RHB Alfredo Díaz 0-0: Called Strike
0-1: Ball
1-1: Ball
2-1: Foul Ball, location: 2F
2-2: Ball
3-2: Foul Ball, location: 2F
3-2: Strikes out looking
Batting: RHB Claudio Gonzáles 0-0: Ball
1-0: Called Strike
1-1: Ball
2-1: Ball
3-1: Swinging Strike
3-2: Foul Ball, location: 2F
3-2: Strikes out looking
Top of the 5th over - 0 run(s), 1 hit(s), 0 error(s), 2 left on base; Manhatten 2 - Wisconsin Rapids 1
BOTTOM OF THE 5TH
Wisconsin Rapids Rangers batting - Pitching for Manhatten Meatheads : RHP Matt Johnston
Batting: RHB Cherles Vilo 0-0: Called Strike
0-1: Ball
1-1: Swinging Strike
1-2: Ball
2-2: Strikes out swinging
Batting: RHB Robert Acosta 0-0: Ball
1-0: SINGLE (Line Drive, 8LS)
Batting: RHB Troy Reed 0-0: Called Strike
0-1: Swinging Strike
0-2: Ball
1-2: Foul Ball, location: 2F
1-2: Foul Ball, location: 2F
1-2: SINGLE (Groundball, 4MD) (infield hit)
Robert Acosta to second
Batting: SHB Ricardo Arévalo 0-0: SINGLE (Groundball, 34)
Robert Acosta to third
Troy Reed to second
Runner from 3rd tries for Home, SAFE, no throw or cutoff
Batting: RHB Paul Richard 0-0: Ball
1-0: Fly out, F8 (Flyball, 89XD)
Runner from 2nd tags up, SAFE at 3rd, no throw
Batting: LHB Ramón Córdova 0-0: SINGLE (Flyball, 8RM)
Troy Reed scores
Ricardo Arévalo to second
Runner from 2nd tries for 3rd, SAFE, throw made to third
Batting: RHB Salvador Vázquez 0-0: Foul Ball, location: 2F
0-1: Ball
1-1: Ball
2-1: Fly out, F9 (Flyball, 89M)
Bottom of the 5th over - 2 run(s), 4 hit(s), 0 error(s), 2 left on base; Manhatten 2 - Wisconsin Rapids 3
TOP OF THE 6TH
Manhatten Meatheads batting - Pitching for Wisconsin Rapids Rangers : RHP Carl Willis
Batting: LHB Juan Hernández 0-0: Called Strike
0-1: Called Strike
0-2: Ball
1-2: Foul Ball, location: 2F
1-2: Foul Ball, location: 2F
1-2: Strikes out looking
Batting: LHB Scott Young 0-0: Foul Ball, location: 2F
0-1: Called Strike
0-2: Foul Ball, location: 2F
0-2: Ball
1-2: Strikes out looking
Batting: RHB Júlio Galló 0-0: Ball
1-0: Ball
2-0: Ground out 6-3 (Groundball, 6)
Top of the 6th over - 0 run(s), 0 hit(s), 0 error(s), 0 left on base; Manhatten 2 - Wisconsin Rapids 3
BOTTOM OF THE 6TH
Wisconsin Rapids Rangers batting - Pitching for Manhatten Meatheads : RHP Matt Johnston
Batting: RHB Dick Slagboom 0-0: SINGLE (Groundball, 56D)
Batting: RHB Pedro Ramírez 0-0: Ball
1-0: Foul Ball, location: 2F
1-1: Foul Ball, location: 2F
1-2: Foul Ball, location: 2F
1-2: Strikes out swinging
Pitching: RHP Will Tyler
Batting: RHB Cherles Vilo 0-0: SINGLE (Groundball, 56D)
Dick Slagboom to second
Batting: RHB Robert Acosta 0-0: Fly out, F7 (Line Drive, 7M)
Batting: RHB Troy Reed 0-0: Swinging Strike
0-1: Swinging Strike
0-2: Strikes out swinging
Bottom of the 6th over - 0 run(s), 2 hit(s), 0 error(s), 2 left on base; Manhatten 2 - Wisconsin Rapids 3
TOP OF THE 7TH
Manhatten Meatheads batting - Pitching for Wisconsin Rapids Rangers : RHP Carl Willis
Pitching: RHP Jack Hampton
Batting: RHB Augusto Baca 0-0: Ball
1-0: Called Strike
1-1: Foul Ball, location: 2F
1-2: Ball
2-2: Strikes out looking
Batting: RHB Ramón Ybarra 0-0: Ball
1-0: SINGLE (Groundball, 56)
Pinch Hitting: SHB Kent Phillips 0-0: Called Strike
0-1: Fly out, F7 (Flyball, 7LSF)
Batting: SHB Will Evans 0-0: Foul Ball, location: 2F
0-1: Called Strike
0-2: Strikes out looking
Top of the 7th over - 0 run(s), 1 hit(s), 0 error(s), 1 left on base; Manhatten 2 - Wisconsin Rapids 3
BOTTOM OF THE 7TH
Wisconsin Rapids Rangers batting - Pitching for Manhatten Meatheads : RHP Will Tyler
Now at 1B: Kent Phillips
Batting: SHB Ricardo Arévalo 0-0: Ball
1-0: Swinging Strike
1-1: Ball
2-1: Ball
3-1: Called Strike
3-2: Base on Balls
Pinch Hitting: LHB George Smith 0-0: Foul Ball, location: 2F
0-1: Ball
1-1: Grounds into double play, 4-6-3 (Groundball, 4)
Batting: LHB Ramón Córdova 0-0: Ball
1-0: Ball
2-0: Ball
3-0: Base on Balls
Pinch Hitting: LHB Luis Rodríguez 0-0: Called Strike
0-1: Swinging Strike
0-2: Ball
1-2: Strikes out swinging
Bottom of the 7th over - 0 run(s), 0 hit(s), 0 error(s), 1 left on base; Manhatten 2 - Wisconsin Rapids 3
TOP OF THE 8TH
Manhatten Meatheads batting - Pitching for Wisconsin Rapids Rangers : RHP Jack Hampton
Now at 1B: Luis Rodríguez
Now in RF: George Smith
Batting: RHB Alfredo Díaz 0-0: Called Strike
0-1: Foul Ball, location: 2F
0-2: Strikes out looking
Batting: RHB Claudio Gonzáles 0-0: Ball
1-0: Called Strike
1-1: Ball
2-1: Ball
3-1: Called Strike
3-2: Strikes out swinging
Pitching: LHP Manuel Perea
Batting: LHB Juan Hernández 0-0: Ball
1-0: SINGLE (Line Drive, 6MD)
Batting: LHB Scott Young 0-0: Ball
1-0: Called Strike
1-1: Ball
2-1: Ball
3-1: DOUBLE (Groundball, 3L)
Juan Hernández to third
Runner from 3rd tries for Home, SAFE, no throw or cutoff
Pinch Hitting: RHB Doug Coleman 0-0: Intentional Walk
Batting: RHB Augusto Baca 0-0: Ball
1-0: Ball
2-0: Foul Ball, location: 2F
2-1: Called Strike
2-2: Strikes out swinging
Top of the 8th over - 1 run(s), 2 hit(s), 0 error(s), 2 left on base; Manhatten 3 - Wisconsin Rapids 3
BOTTOM OF THE 8TH
Wisconsin Rapids Rangers batting - Pitching for Manhatten Meatheads : RHP Will Tyler
Now at SS: Raúl Marrero
Batting: RHB Dick Slagboom 0-0: Foul Ball, location: 2F
0-1: Foul Ball, location: 2F
0-2: Ball
1-2: Ball
2-2: Ball
3-2: Ground out 5-3 (Groundball, 5S)
Pitching: RHP Salvador De Jesús
Pinch Hitting: RHB Andrés Bustamante 0-0: Ball
1-0: SINGLE (Line Drive, 56D)
Pinch Runner at 1st Kevin Smith:
Batting: RHB Cherles Vilo 0-0: Ball
1-0: Grounds into double play, 5-4-3 (Groundball, 5)
Bottom of the 8th over - 0 run(s), 1 hit(s), 0 error(s), 0 left on base; Manhatten 3 - Wisconsin Rapids 3
TOP OF THE 9TH
Manhatten Meatheads batting - Pitching for Wisconsin Rapids Rangers : LHP Manuel Perea
Pitching: RHP Jorge Flores
Now in CF: Hunter Plunket
Batting: RHB Ramón Ybarra 0-0: Foul Ball, location: 2F
0-1: Fly out, F9 (Flyball, 89XD)
Batting: SHB Kent Phillips 0-0: Called Strike
0-1: Ball
1-1: Fly out, F2 (Popup, 25F)
Batting: SHB Will Evans 0-0: Called Strike
0-1: Fly out, F4 (Popup, 3L)
Top of the 9th over - 0 run(s), 0 hit(s), 0 error(s), 0 left on base; Manhatten 3 - Wisconsin Rapids 3
BOTTOM OF THE 9TH
Wisconsin Rapids Rangers batting - Pitching for Manhatten Meatheads : RHP Salvador De Jesús
Pitching: LHP Aaron Gibbs
Batting: RHB Robert Acosta 0-0: Ball
1-0: Ball
2-0: Ball
3-0: Base on Balls
Batting: RHB Troy Reed 0-0: Sac Bunt - play at first, batter OUT! 4-3
Robert Acosta to second
Batting: SHB Ricardo Arévalo 0-0: Intentional Walk
Pinch Hitting: RHB Jesús Silva 0-0: Ball
1-0: Ball
2-0: SINGLE (Flyball, 78S)
Robert Acosta to third
Ricardo Arévalo to second
Runner from 3rd tries for Home, SAFE, no throw or cutoff
This league is powered by Out of the Park Baseball, the baseball management simulation game for PC, Mac and Linux
Tuesday, August 2nd, 2016 - OOTP Baseball 16.8 Build 38